Canucks vs Bruins
(R1)
Created - May 8, 2021 at 20:44
Goals
|
| Canucks |
2 |
1 |
1 |
4 |
| Bruins |
1 |
1 |
1 |
3 |
|
Shots
|
| Canucks |
18 |
10 |
6 |
34 |
| Bruins |
15 |
10 |
13 |
38 |
|
1st period
1. Canucks , Steve Eminger 4 (Daniel Sedin 22, Robert Nilsson 64) at 12:54 (PP)
2. Canucks , Jeremy Morin 11 (Jordin Tootoo 9, Ladislav Smid 23) at 15:42
3. Bruins , Matt Read 13 (Andrei Kostitsyn 15, Kris Chucko 15) at 18:41
Penalties :
Rob Schremp (Van) for Hooking (Minor) at 1:32, Wojtek Wolski (Bos) for Tripping (Minor) at 12:00, Brendan Smith (Bos) for High sticking (Minor) at 12:37, Daniel Sedin (Van) for Interference (Minor) at 16:07
2nd period
4. Canucks , Ryane Clowe 10 (Kurtis Foster 12, James Wright 17) at 8:17
5. Bruins , Victor Oreskovich 17 (Jason Demers 36, Jonathan Toews 45) at 16:11
Penalties :
Slava Voynov (Bos) for Tripping (Minor) at 4:41, Loui Eriksson (Van) for Holding (Minor) at 16:31, Jordin Tootoo (Van) for Tripping (Minor) at 19:43, Steve Eminger (Van) for Holding (Minor) at 19:50
3rd period
6. Canucks , Daniel Sedin 13 (Loui Eriksson 34, Robert Nilsson 65) at 4:51
7. Bruins , Wojtek Wolski 36 (Jonathan Toews 46, Zack Kassian 46) at 15:31
Penalties :
No Penalty
Goalie Stats
Kari Lehtonen (Van), 35 saves from 38 shots - (0.921), W, 31-21-2, 60:00 minutes
Kevin Poulin (Bos), 30 saves from 34 shots - (0.882), L, 40-22-6, 58:57 minutes
Players Stats for Canucks
Player Name G A P +/- PIM S H SB GA TA FO MP PP MP PK MP
------------------------------------------------------------------------------------
Andy Rogers 0 0 0 0 0 1 0 0 0 2 0/0 19:06 1:25 3:05
Brad Boyes 0 0 0 1 0 1 0 0 1 0 0/0 13:28 0:03 0:00
Brooks Laich 0 0 0 -2 0 0 0 0 0 0 0/1 5:03 0:00 0:46
Daniel Sedin 1 1 2 0 2 4 1 0 0 0 3/3 19:24 2:53 1:49
James Wright 0 1 1 1 0 5 2 0 0 1 0/4 16:01 0:00 1:43
Jason Akeson 0 0 0 -2 0 0 0 0 0 0 0/0 4:57 0:00 0:00
Jeremy Morin 1 0 1 1 0 2 0 0 0 0 0/0 17:00 1:42 1:05
Jonathan Blum 0 0 0 0 0 1 1 0 1 0 0/0 12:39 0:00 1:17
Jordin Tootoo 0 1 1 1 2 2 1 0 2 0 1/1 17:29 1:42 1:34
Kurtis Foster 0 1 1 0 0 0 1 2 0 1 0/0 19:06 1:25 3:05
Ladislav Smid 0 1 1 0 0 0 1 0 0 0 0/0 26:35 3:10 4:58
Loui Eriksson 0 1 1 0 2 7 2 1 0 0 2/2 21:10 2:53 2:34
Mike Komisarek 0 0 0 0 0 0 0 0 0 0 0/0 11:22 0:00 0:00
Olli Maatta 0 0 0 0 0 0 0 0 0 0 0/0 3:23 0:00 0:17
Rob Schremp 0 0 0 1 2 0 1 0 1 0 5/12 15:52 1:42 0:00
Robert Nilsson 0 2 2 -2 0 7 1 0 1 0 14/38 26:10 2:50 4:43
Ryane Clowe 1 0 1 1 0 3 0 0 0 0 1/1 13:27 0:00 0:00
Steve Eminger 1 0 1 0 2 1 1 2 2 2 0/0 27:48 3:10 3:23
Players Stats for Bruins
Player Name G A P +/- PIM S H SB GA TA FO MP PP MP PK MP
------------------------------------------------------------------------------------
Andrei Kostitsyn 0 1 1 0 0 4 1 0 0 0 1/2 15:15 3:36 0:21
Brendan Smith 0 0 0 1 2 1 2 3 1 2 0/0 27:41 5:00 1:43
Casey Cizikas 0 0 0 0 0 2 1 0 0 0 2/2 6:56 0:00 0:00
Dan Hamhuis 0 0 0 -1 0 2 0 0 0 1 0/0 20:33 3:03 1:38
Henrik Sedin 0 0 0 0 0 3 1 0 0 1 13/21 18:48 4:27 1:06
Jason Demers 0 1 1 1 0 4 5 4 0 1 0/0 29:08 5:00 3:10
Johnny Boychuk 0 0 0 0 0 0 1 1 2 2 0/0 19:14 3:03 1:25
Jonathan Toews 0 2 2 1 0 3 2 1 0 0 9/18 19:51 3:36 1:06
Kris Chucko 0 1 1 0 0 4 0 0 0 0 0/0 7:11 0:00 0:00
Matt Read 1 0 1 0 0 6 1 0 0 0 2/5 12:45 0:00 1:29
Miikka Salomaki 0 0 0 0 0 1 1 0 0 0 0/0 6:56 0:00 0:00
Mike Ribeiro 0 0 0 0 0 1 0 0 2 0 6/9 11:24 0:08 0:00
Samuel Morin 0 0 0 -1 0 0 0 2 0 0 0/0 12:51 0:00 1:13
Scott Hartnell 0 0 0 0 0 0 1 0 0 0 0/0 11:46 0:00 0:00
Slava Voynov 0 0 0 -1 2 0 0 0 0 0 0/0 11:57 0:00 0:00
Victor Oreskovich 1 0 1 0 0 2 2 0 0 0 0/0 15:39 3:36 0:00
Wojtek Wolski 1 0 1 0 2 1 3 1 1 1 2/3 23:18 4:27 2:05
Zack Kassian 0 1 1 0 0 4 1 1 0 0 1/2 23:52 4:19 2:46
3 Stars
1 - Jason Demers (Bos)
2 - Jonathan Toews (Bos)
3 - Jeremy Morin (Van)
Power Play
Canucks - 1 on 3 Attempt(s) - 33.33%
Bruins - 0 on 5 Attempt(s) - 0.00%
Penalty Kill
Canucks - 5 on 5 Attempt(s) - 100.00%
- Score 0 goal in Penalty Kill
Bruins - 2 on 3 Attempt(s) - 66.67%
- Score 0 goal in Penalty Kill
Team Stat
Canucks - Hits : 12 - Faceoff Wins : 26 - Blocked Shots : 5 - Penalty Minutes : 10
Bruins - Hits : 22 - Faceoff Wins : 36 - Blocked Shots : 13 - Penalty Minutes : 6
Official
Referees : Unknown
Linesman : Unknown
Game Notes
No Game Note
Finance
Level 1 -- Attendance: 4198 (69.97%) -- Ticket Income $520,552
Level 2 -- Attendance: 3806 (76.12%) -- Ticket Income $285,450
Level 3 -- Attendance: 1541 (77.05%) -- Ticket Income $67,804
Level 4 -- Attendance: 3813 (95.33%) -- Ticket Income $110,577
Luxury Box -- Attendance: 714 (71.40%) -- Ticket Income $156,366
Game was played at the TD Banknorth Garden.
Total Attendance: 14072 (78.18%)
Total Ticket Income: $1,140,749
Other Income: $171,112
Total Income: $1,311,861
Canucks
5 vs 5 Forward
Center Left Wing Right Wing Time % Phy DF OF
1 Robert Nilsson Daniel Sedin Loui Eriksson 40 1 2 2
2 Rob Schremp Jeremy Morin Jordin Tootoo 30 1 2 2
3 James Wright Ryane Clowe Brad Boyes 20 1 2 2
4 Brooks Laich Robert Nilsson Jason Akeson 10 1 2 2
5 vs 5 Defense
Defense Defense Time % Phy DF OF
1 Steve Eminger Ladislav Smid 40 1 2 2
2 Andy Rogers Kurtis Foster 30 1 2 2
3 Mike Komisarek Jonathan Blum 20 1 2 2
4 Olli Maatta Steve Eminger 10 1 2 2
PowerPlay Forward
Center Left Wing Right Wing Time % Phy DF OF
1 Robert Nilsson Daniel Sedin Loui Eriksson 60 1 2 2
2 Rob Schremp Jeremy Morin Jordin Tootoo 40 1 2 2
PowerPlay Defense
Defense Defense Time % Phy DF OF
1 Steve Eminger Ladislav Smid 60 1 2 2
2 Andy Rogers Kurtis Foster 40 1 2 2
Penalty Kill 4 Players Forward
Center Wing Time % Phy DF OF
1 Robert Nilsson Loui Eriksson 60 1 2 2
2 Jordin Tootoo Daniel Sedin 40 1 2 2
Penalty Kill 4 Players Defense
Defense Defense Time % Phy DF OF
1 Steve Eminger Ladislav Smid 60 1 2 2
2 Andy Rogers Kurtis Foster 40 1 2 2
Penalty Kill - 3 Players Forward
Forward Time % Phy DF OF
1 Robert Nilsson 60 1 2 2
2 Loui Eriksson 40 1 2 2
Penalty Kill - 3 Players Defense
Defense Defense Time % Phy DF OF
1 Steve Eminger Ladislav Smid 60 1 2 2
2 Andy Rogers Kurtis Foster 40 1 2 2
4 vs 4 Forward
Center Wing Time % Phy DF OF
1 Robert Nilsson Loui Eriksson 60 1 2 2
2 Jordin Tootoo Daniel Sedin 40 1 2 2
4 vs 4 Defense
Defense Defense Time % Phy DF OF
1 Steve Eminger Ladislav Smid 60 1 2 2
2 Andy Rogers Kurtis Foster 40 1 2 2
Last Minutes Offensive
Center Left Wing Right Wing Defense Defense
Robert Nilsson Daniel Sedin Loui Eriksson Steve Eminger Ladislav Smid
Last Minutes Defensive
Center Left Wing Right Wing Defense Defense
Robert Nilsson Daniel Sedin Loui Eriksson Steve Eminger Ladislav Smid
Goaltenders
Starting : Kari Lehtonen
Backup : Braden Holtby
Extra Forwards
Normal : Brad Boyes, Jason Akeson, James Wright - PP : Brad Boyes, Jason Akeson - PK : James Wright
Extra Defensemen
Normal : Mike Komisarek, Jonathan Blum, Olli Maatta - PP : Mike Komisarek - PK : Jonathan Blum, Olli Maatta
Penalty Shots
Robert Nilsson, Loui Eriksson, Jordin Tootoo, Daniel Sedin, Brad Boyes
Scratches
Cody Eakin (Healthy), Lane MacDermid (Healthy), Benn Ferriero (Healthy)
Bruins
5 vs 5 Forward
Center Left Wing Right Wing Time % Phy DF OF
1 Jonathan Toews Wojtek Wolski Zack Kassian 40 1 2 2
2 Henrik Sedin Scott Hartnell Victor Oreskovich 30 1 2 2
3 Mike Ribeiro Andrei Kostitsyn Matt Read 20 1 2 2
4 Casey Cizikas Kris Chucko Miikka Salomaki 10 1 2 2
5 vs 5 Defense
Defense Defense Time % Phy DF OF
1 Jason Demers Brendan Smith 40 1 2 2
2 Dan Hamhuis Johnny Boychuk 30 1 2 2
3 Slava Voynov Samuel Morin 20 1 2 2
4 Jason Demers Brendan Smith 10 1 2 2
PowerPlay Forward
Center Left Wing Right Wing Time % Phy DF OF
1 Henrik Sedin Wojtek Wolski Zack Kassian 60 1 2 2
2 Jonathan Toews Andrei Kostitsyn Victor Oreskovich 40 1 2 2
PowerPlay Defense
Defense Defense Time % Phy DF OF
1 Jason Demers Brendan Smith 60 1 2 2
2 Dan Hamhuis Johnny Boychuk 40 1 2 2
Penalty Kill 4 Players Forward
Center Wing Time % Phy DF OF
1 Wojtek Wolski Zack Kassian 60 1 2 2
2 Henrik Sedin Jonathan Toews 40 1 2 2
Penalty Kill 4 Players Defense
Defense Defense Time % Phy DF OF
1 Jason Demers Brendan Smith 60 1 2 2
2 Dan Hamhuis Johnny Boychuk 40 1 2 2
Penalty Kill - 3 Players Forward
Forward Time % Phy DF OF
1 Wojtek Wolski 60 1 2 2
2 Zack Kassian 40 1 2 2
Penalty Kill - 3 Players Defense
Defense Defense Time % Phy DF OF
1 Jason Demers Brendan Smith 60 1 2 2
2 Dan Hamhuis Johnny Boychuk 40 1 2 2
4 vs 4 Forward
Center Wing Time % Phy DF OF
1 Wojtek Wolski Zack Kassian 60 1 2 2
2 Henrik Sedin Jonathan Toews 40 1 2 2
4 vs 4 Defense
Defense Defense Time % Phy DF OF
1 Jason Demers Brendan Smith 60 1 2 2
2 Dan Hamhuis Johnny Boychuk 40 1 2 2
Last Minutes Offensive
Center Left Wing Right Wing Defense Defense
Henrik Sedin Wojtek Wolski Zack Kassian Jason Demers Brendan Smith
Last Minutes Defensive
Center Left Wing Right Wing Defense Defense
Henrik Sedin Wojtek Wolski Zack Kassian Jason Demers Brendan Smith
Goaltenders
Starting : Kevin Poulin
Backup : Josh Tordjman
Extra Forwards
Normal : Andrei Kostitsyn, Mike Ribeiro, Matt Read - PP : Andrei Kostitsyn, Mike Ribeiro - PK : Matt Read
Extra Defensemen
Normal : Slava Voynov, Samuel Morin, Dan Hamhuis - PP : Slava Voynov - PK : Samuel Morin, Dan Hamhuis
Penalty Shots
Wojtek Wolski, Zack Kassian, Henrik Sedin, Jonathan Toews, Scott Hartnell
Scratches
Rene Bourque (Healthy), Ian Cole (Healthy)
% Time on Ice - Canucks
Lines # - Real PCT - Wanted PCT - Time Play
Normal Forward
1 - 31% - 40% - 14:16
2 - 34% - 30% - 15:42
3 - 27% - 20% - 12:35
4 - 8% - 10% - 3:43
Normal Defense
1 - 38% - 40% - 17:21
2 - 32% - 30% - 14:36
3 - 25% - 20% - 11:22
4 - 6% - 10% - 2:57
PP Forward
1 - 63% - 60% - 2:53
2 - 37% - 40% - 1:42
PP Defense
1 - 69% - 60% - 3:10
2 - 31% - 40% - 1:25
PK Forward
1 - 76% - 60% - 4:41
2 - 24% - 40% - 1:30
PK Defense
1 - 57% - 60% - 3:31
2 - 43% - 40% - 2:40
PK3 Forward
1 - 86% - 60% - 1:36
2 - 14% - 40% - 0:16
PK3 Defense
1 - 78% - 60% - 1:27
2 - 22% - 40% - 0:25
44 Forward
1 - 0% - 60%
2 - 0% - 40%
44 Defense
1 - 0% - 60%
2 - 0% - 40%
Last Minute Offensive - 0:00
Last Minute Defensive - 1:06
Total
Forward - 60:00
Defense - 60:00
|
% Time on Ice - Bruins
Lines # - Real PCT - Wanted PCT - Time Play
Normal Forward
1 - 34% - 40% - 15:38
2 - 28% - 30% - 12:48
3 - 23% - 20% - 10:51
4 - 15% - 10% - 6:56
Normal Defense
1 - 40% - 40% - 18:27
2 - 32% - 30% - 14:46
3 - 25% - 20% - 11:38
4 - 3% - 10% - 1:22
PP Forward
1 - 55% - 60% - 4:27
2 - 45% - 40% - 3:36
PP Defense
1 - 62% - 60% - 5:00
2 - 38% - 40% - 3:03
PK Forward
1 - 74% - 60% - 3:12
2 - 26% - 40% - 1:06
PK Defense
1 - 67% - 60% - 2:53
2 - 33% - 40% - 1:25
PK3 Forward
1 - 100% - 60% - 0:17
2 - 0% - 40% - 0:00
PK3 Defense
1 - 100% - 60% - 0:17
2 - 0% - 40% - 0:00
44 Forward
1 - 0% - 60%
2 - 0% - 40%
44 Defense
1 - 0% - 60%
2 - 0% - 40%
Last Minute Offensive - 1:09
Last Minute Defensive - 0:00
Total
Forward - 60:00
Defense - 60:00
|
Play-by-Play
1st period
0:01 of 1st period - Zack Kassian wins face-off versus Robert Nilsson in neutral zone.
0:04 of 1st period - Ladislav Smid is hit by Zack Kassian and loses puck.
0:27 of 1st period - Steve Eminger is hit by Scott Hartnell and loses puck.
0:34 of 1st period - Snap shot by Victor Oreskovich.
0:34 of 1st period - Stopped by Kari Lehtonen without a rebound.
0:35 of 1st period - Mike Ribeiro wins face-off versus James Wright in Canucks zone.
0:36 of 1st period - Slapshot by Matt Read.
0:36 of 1st period - Stopped by Kari Lehtonen without a rebound.
0:37 of 1st period - Mike Ribeiro wins face-off versus James Wright in Canucks zone.
1:10 of 1st period - Snap shot by Miikka Salomaki.
1:10 of 1st period - Stopped by Kari Lehtonen without a rebound.
1:11 of 1st period - Rob Schremp wins face-off versus Henrik Sedin in Canucks zone.
1:32 of 1st period - Minor Penalty to Rob Schremp for Hooking.
1:33 of 1st period - Robert Nilsson wins face-off versus Henrik Sedin in Canucks zone.
2:20 of 1st period - Robert Nilsson is hit by Jason Demers and loses puck.
2:39 of 1st period - Wrist shot by Jonathan Toews.
2:39 of 1st period - Deflect By Victor Oreskovich.
2:39 of 1st period - Shot Misses the Net.
2:39 of 1st period - Puck is out of play.
2:40 of 1st period - Robert Nilsson wins face-off versus Henrik Sedin in Canucks zone.
3:32 of 1st period - Penalty to Rob Schremp is over, Rob Schremp is back on ice.
3:46 of 1st period - Snap shot by James Wright.
3:46 of 1st period - Stopped by Kevin Poulin with a rebound.
3:50 of 1st period - Slapshot by James Wright.
3:50 of 1st period - Shot Blocked by Johnny Boychuk.
4:32 of 1st period - Wrist shot by Brad Boyes.
4:32 of 1st period - Shot Blocked by Jason Demers.
4:42 of 1st period - Andrei Kostitsyn is hit by Ladislav Smid and loses puck.
5:00 of 1st period - Snap shot by Wojtek Wolski.
5:00 of 1st period - Shot Misses the Net.
5:35 of 1st period - Icing by Samuel Morin.
5:36 of 1st period - Casey Cizikas wins face-off versus Robert Nilsson in Bruins zone.
6:07 of 1st period - Scott Hartnell is hit by James Wright and loses puck.
6:21 of 1st period - Slapshot by Jordin Tootoo.
6:21 of 1st period - Stopped by Kevin Poulin with a rebound.
6:29 of 1st period - Snap shot by Andrei Kostitsyn.
6:29 of 1st period - Stopped by Kari Lehtonen without a rebound.
6:30 of 1st period - Loui Eriksson wins face-off versus Jonathan Toews in Canucks zone.
6:35 of 1st period - Slapshot by Robert Nilsson.
6:35 of 1st period - Stopped by Kevin Poulin with a rebound.
6:37 of 1st period - Slapshot by Ladislav Smid.
6:37 of 1st period - Shot Blocked by Jason Demers.
6:41 of 1st period - Snap shot by Daniel Sedin.
6:41 of 1st period - Stopped by Kevin Poulin with a rebound.
6:43 of 1st period - Slapshot by Daniel Sedin.
6:43 of 1st period - Stopped by Kevin Poulin without a rebound.
6:44 of 1st period - Jonathan Toews wins face-off versus Robert Nilsson in Bruins zone.
6:57 of 1st period - Wrist shot by Loui Eriksson.
6:57 of 1st period - Stopped by Kevin Poulin with a rebound.
7:41 of 1st period - Snap shot by Andrei Kostitsyn.
7:41 of 1st period - Shot Blocked by Kurtis Foster.
7:43 of 1st period - Slapshot by Brendan Smith.
7:43 of 1st period - Stopped by Kari Lehtonen without a rebound.
7:44 of 1st period - Jonathan Toews wins face-off versus Robert Nilsson in Canucks zone.
7:45 of 1st period - Snap shot by Zack Kassian.
7:45 of 1st period - Stopped by Kari Lehtonen without a rebound.
7:46 of 1st period - Jonathan Toews wins face-off versus Robert Nilsson in Canucks zone.
7:53 of 1st period - Slapshot by Jonathan Toews.
7:53 of 1st period - Stopped by Kari Lehtonen with a rebound.
8:03 of 1st period - Wrist shot by Loui Eriksson.
8:03 of 1st period - Stopped by Kevin Poulin with a rebound.
8:19 of 1st period - Snap shot by James Wright.
8:19 of 1st period - Stopped by Kevin Poulin without a rebound.
8:20 of 1st period - Henrik Sedin wins face-off versus James Wright in Bruins zone.
8:33 of 1st period - Snap shot by Brad Boyes.
8:33 of 1st period - Stopped by Kevin Poulin with a rebound.
8:35 of 1st period - Slapshot by Steve Eminger.
8:35 of 1st period - Shot Blocked by Jason Demers.
8:54 of 1st period - Snap shot by Andrei Kostitsyn.
8:54 of 1st period - Deflect By Matt Read.
8:54 of 1st period - Stopped by Kari Lehtonen with a rebound.
9:12 of 1st period - Wrist shot by Robert Nilsson.
9:12 of 1st period - Shot Blocked by Samuel Morin.
9:44 of 1st period - Snap shot by Zack Kassian.
9:44 of 1st period - Shot Misses the Net.
10:00 of 1st period - Snap shot by Henrik Sedin.
10:00 of 1st period - Stopped by Kari Lehtonen without a rebound.
10:01 of 1st period - Henrik Sedin wins face-off versus Robert Nilsson in Canucks zone.
10:53 of 1st period - Mike Komisarek is hit by Johnny Boychuk and loses puck.
11:21 of 1st period - Wrist shot by Kris Chucko.
11:21 of 1st period - Stopped by Kari Lehtonen with a rebound.
11:52 of 1st period - Wrist shot by Jeremy Morin.
11:52 of 1st period - Shot Blocked by Wojtek Wolski.
11:54 of 1st period - Slapshot by Loui Eriksson.
11:54 of 1st period - Stopped by Kevin Poulin with a rebound.
12:00 of 1st period - Minor Penalty to Wojtek Wolski for Tripping.
12:01 of 1st period - Matt Read wins face-off versus Robert Nilsson in Bruins zone.
12:06 of 1st period - Wrist shot by Robert Nilsson.
12:06 of 1st period - Stopped by Kevin Poulin without a rebound.
12:07 of 1st period - Robert Nilsson wins face-off versus Matt Read in Bruins zone.
12:16 of 1st period - Snap shot by Loui Eriksson.
12:16 of 1st period - Shot Blocked by Brendan Smith.
12:18 of 1st period - Wrist shot by Robert Nilsson.
12:18 of 1st period - Shot Misses the Net.
12:20 of 1st period - Snap shot by Robert Nilsson.
12:20 of 1st period - Stopped by Kevin Poulin with a rebound.
12:22 of 1st period - Slapshot by Loui Eriksson.
12:22 of 1st period - Stopped by Kevin Poulin without a rebound.
12:23 of 1st period - Robert Nilsson wins face-off versus Matt Read in Bruins zone.
12:34 of 1st period - Snap shot by Robert Nilsson.
12:34 of 1st period - Stopped by Kevin Poulin without a rebound.
12:35 of 1st period - Matt Read wins face-off versus Robert Nilsson in Bruins zone.
12:37 of 1st period - Minor Penalty to Brendan Smith for High sticking.
12:38 of 1st period - Robert Nilsson wins face-off versus Matt Read in Bruins zone.
12:40 of 1st period - Snap shot by Robert Nilsson.
12:40 of 1st period - Stopped by Kevin Poulin with a rebound.
12:52 of 1st period - Wrist shot by Daniel Sedin.
12:52 of 1st period - Shot Blocked by Samuel Morin.
12:54 of 1st period - Slapshot by Steve Eminger.
12:54 of 1st period - Goal by Steve Eminger - Canucks : 1 - Bruins : 0.
12:55 of 1st period - Wojtek Wolski wins face-off versus Robert Nilsson in neutral zone.
14:18 of 1st period - Snap shot by Jonathan Toews.
14:18 of 1st period - Stopped by Kari Lehtonen without a rebound.
14:19 of 1st period - Henrik Sedin wins face-off versus Robert Nilsson in Canucks zone.
14:28 of 1st period - Slapshot by Henrik Sedin.
14:28 of 1st period - Stopped by Kari Lehtonen without a rebound.
14:29 of 1st period - Rob Schremp wins face-off versus Zack Kassian in Canucks zone.
14:37 of 1st period - Penalty to Brendan Smith is over, Brendan Smith is back on ice.
15:26 of 1st period - Backhand shot by Jordin Tootoo.
15:26 of 1st period - Shot Blocked by Zack Kassian.
15:36 of 1st period - Wrist shot by Jordin Tootoo.
15:36 of 1st period - Stopped by Kevin Poulin with a rebound.
15:42 of 1st period - Wrist shot by Jeremy Morin.
15:42 of 1st period - Goal by Jeremy Morin - Canucks : 2 - Bruins : 0.
15:43 of 1st period - Henrik Sedin wins face-off versus Robert Nilsson in neutral zone.
15:46 of 1st period - Wrist shot by Victor Oreskovich.
15:46 of 1st period - Shot Misses the Net.
16:07 of 1st period - Minor Penalty to Daniel Sedin for Interference.
16:08 of 1st period - Jonathan Toews wins face-off versus Robert Nilsson in Canucks zone.
18:07 of 1st period - Penalty to Daniel Sedin is over, Daniel Sedin is back on ice.
18:15 of 1st period - Jonathan Blum is hit by Jason Demers.
18:25 of 1st period - Wrist shot by Kris Chucko.
18:25 of 1st period - Stopped by Kari Lehtonen with a rebound.
18:41 of 1st period - Snap shot by Andrei Kostitsyn.
18:41 of 1st period - Deflect By Matt Read.
18:41 of 1st period - Goal by Matt Read - Canucks : 2 - Bruins : 1.
18:42 of 1st period - Jonathan Toews wins face-off versus Robert Nilsson in neutral zone.
18:45 of 1st period - Slapshot by Zack Kassian.
18:45 of 1st period - Stopped by Kari Lehtonen without a rebound.
18:46 of 1st period - Loui Eriksson wins face-off versus Jonathan Toews in Canucks zone.
18:46 of 1st period - Loui Eriksson is hit by Jonathan Toews.
18:52 of 1st period - Johnny Boychuk is hit by Robert Nilsson and loses puck.
19:23 of 1st period - Jordin Tootoo is hit by Henrik Sedin and loses puck.
Goals for this period are 2 for Canucks vs 1 for Bruins.
Shots for this period are 18 for Canucks vs 15 for Bruins.
2nd period
0:01 of 2nd period - Robert Nilsson wins face-off versus Jonathan Toews in neutral zone.
0:16 of 2nd period - Backhand shot by Loui Eriksson.
0:16 of 2nd period - Stopped by Kevin Poulin without a rebound.
0:17 of 2nd period - Henrik Sedin wins face-off versus Rob Schremp in Bruins zone.
1:36 of 2nd period - Wrist shot by Casey Cizikas.
1:36 of 2nd period - Stopped by Kari Lehtonen with a rebound.
3:11 of 2nd period - Mike Komisarek is hit by Wojtek Wolski and loses puck.
3:30 of 2nd period - Mike Komisarek is hit by Jason Demers and loses puck.
3:42 of 2nd period - Wrist shot by Victor Oreskovich.
3:42 of 2nd period - Shot Misses the Net.
3:52 of 2nd period - Snap shot by Kris Chucko.
3:52 of 2nd period - Stopped by Kari Lehtonen with a rebound.
4:00 of 2nd period - Jeremy Morin is hit by Miikka Salomaki and loses puck.
4:12 of 2nd period - Icing by Mike Ribeiro.
4:13 of 2nd period - Daniel Sedin wins face-off versus Mike Ribeiro in Bruins zone.
4:14 of 2nd period - Wrist shot by Robert Nilsson.
4:14 of 2nd period - Shot Misses the Net.
4:41 of 2nd period - Minor Penalty to Slava Voynov for Tripping.
4:42 of 2nd period - Robert Nilsson wins face-off versus Wojtek Wolski in Bruins zone.
5:18 of 2nd period - Wrist shot by Jeremy Morin.
5:18 of 2nd period - Stopped by Kevin Poulin with a rebound.
6:41 of 2nd period - Penalty to Slava Voynov is over, Slava Voynov is back on ice.
6:50 of 2nd period - Snap shot by James Wright.
6:50 of 2nd period - Stopped by Kevin Poulin with a rebound.
6:52 of 2nd period - Slapshot by Ryane Clowe.
6:52 of 2nd period - Stopped by Kevin Poulin with a rebound.
7:00 of 2nd period - Snap shot by James Wright.
7:00 of 2nd period - Stopped by Kevin Poulin without a rebound.
7:01 of 2nd period - Mike Ribeiro wins face-off versus James Wright in Bruins zone.
7:28 of 2nd period - Slava Voynov is hit by Daniel Sedin.
7:40 of 2nd period - Wrist shot by Miikka Salomaki.
7:40 of 2nd period - Shot Misses the Net.
8:17 of 2nd period - Snap shot by Ryane Clowe.
8:17 of 2nd period - Goal by Ryane Clowe - Canucks : 3 - Bruins : 1.
8:18 of 2nd period - Jonathan Toews wins face-off versus Robert Nilsson in neutral zone.
8:45 of 2nd period - Victor Oreskovich is hit by Rob Schremp and loses puck.
9:12 of 2nd period - Backhand shot by Andrei Kostitsyn.
9:12 of 2nd period - Shot Misses the Net.
9:30 of 2nd period - Wrist shot by Robert Nilsson.
9:30 of 2nd period - Shot Misses the Net.
9:32 of 2nd period - Slapshot by Jonathan Blum.
9:32 of 2nd period - Stopped by Kevin Poulin without a rebound.
9:33 of 2nd period - Robert Nilsson wins face-off versus Jonathan Toews in Bruins zone.
9:34 of 2nd period - Snap shot by Loui Eriksson.
9:34 of 2nd period - Stopped by Kevin Poulin without a rebound.
9:35 of 2nd period - Robert Nilsson wins face-off versus Jonathan Toews in Bruins zone.
9:42 of 2nd period - Wrist shot by Daniel Sedin.
9:42 of 2nd period - Stopped by Kevin Poulin without a rebound.
9:43 of 2nd period - Jonathan Toews wins face-off versus Robert Nilsson in Bruins zone.
9:48 of 2nd period - Loui Eriksson is hit by Wojtek Wolski and loses puck.
10:16 of 2nd period - Wrist shot by Robert Nilsson.
10:16 of 2nd period - Stopped by Kevin Poulin with a rebound.
10:36 of 2nd period - Snap shot by Jonathan Toews.
10:36 of 2nd period - Stopped by Kari Lehtonen without a rebound.
10:37 of 2nd period - Rob Schremp wins face-off versus Henrik Sedin in Canucks zone.
11:43 of 2nd period - Jordin Tootoo is hit by Victor Oreskovich and loses puck.
11:56 of 2nd period - Jonathan Toews is hit by Jonathan Blum and loses puck.
12:53 of 2nd period - Slapshot by Jason Demers.
12:53 of 2nd period - Stopped by Kari Lehtonen with a rebound.
12:57 of 2nd period - Wrist shot by Matt Read.
12:57 of 2nd period - Stopped by Kari Lehtonen without a rebound.
12:58 of 2nd period - Mike Ribeiro wins face-off versus Robert Nilsson in Canucks zone.
13:01 of 2nd period - Slapshot by Andrei Kostitsyn.
13:01 of 2nd period - Stopped by Kari Lehtonen with a rebound.
13:03 of 2nd period - Snap shot by Mike Ribeiro.
13:03 of 2nd period - Shot Misses the Net.
13:05 of 2nd period - Snap shot by Andrei Kostitsyn.
13:05 of 2nd period - Deflect By Matt Read.
13:05 of 2nd period - Stopped by Kari Lehtonen with a rebound.
13:07 of 2nd period - Backhand shot by Andrei Kostitsyn.
13:07 of 2nd period - Stopped by Kari Lehtonen with a rebound.
13:09 of 2nd period - Slapshot by Dan Hamhuis.
13:09 of 2nd period - Shot Misses the Net.
14:21 of 2nd period - Wrist shot by Brad Boyes.
14:21 of 2nd period - Shot Misses the Net.
14:37 of 2nd period - Slava Voynov is hit by Jordin Tootoo and loses puck.
14:58 of 2nd period - Wrist shot by Henrik Sedin.
14:58 of 2nd period - Stopped by Kari Lehtonen without a rebound.
14:59 of 2nd period - Rob Schremp wins face-off versus Mike Ribeiro in Canucks zone.
15:53 of 2nd period - Wrist shot by Robert Nilsson.
15:53 of 2nd period - Shot Blocked by Jason Demers.
15:55 of 2nd period - Snap shot by Ladislav Smid.
15:55 of 2nd period - Shot Misses the Net.
15:57 of 2nd period - Wrist shot by Ladislav Smid.
15:57 of 2nd period - Shot Blocked by Jonathan Toews.
16:11 of 2nd period - Slapshot by Victor Oreskovich.
16:11 of 2nd period - Goal by Victor Oreskovich - Canucks : 3 - Bruins : 2.
16:12 of 2nd period - Daniel Sedin wins face-off versus Henrik Sedin in neutral zone.
16:24 of 2nd period - Off-side.
16:25 of 2nd period - Robert Nilsson wins face-off versus Jonathan Toews in neutral zone.
16:31 of 2nd period - Minor Penalty to Loui Eriksson for Holding.
16:32 of 2nd period - Henrik Sedin wins face-off versus Robert Nilsson in Canucks zone.
16:48 of 2nd period - Slapshot by Wojtek Wolski.
16:48 of 2nd period - Shot Misses the Net.
18:23 of 2nd period - Robert Nilsson is hit by Victor Oreskovich and loses puck.
18:31 of 2nd period - Penalty to Loui Eriksson is over, Loui Eriksson is back on ice.
19:08 of 2nd period - James Wright is hit by Matt Read and loses puck.
19:18 of 2nd period - Off-side.
19:19 of 2nd period - Mike Ribeiro wins face-off versus Rob Schremp in neutral zone.
19:23 of 2nd period - Off-side.
19:24 of 2nd period - Rob Schremp wins face-off versus Andrei Kostitsyn in neutral zone.
19:29 of 2nd period - Wrist shot by Rob Schremp.
19:29 of 2nd period - Shot Misses the Net.
19:43 of 2nd period - Minor Penalty to Jordin Tootoo for Tripping.
19:44 of 2nd period - Henrik Sedin wins face-off versus Robert Nilsson in Canucks zone.
19:50 of 2nd period - Minor Penalty to Steve Eminger for Holding.
19:51 of 2nd period - Henrik Sedin wins face-off versus Robert Nilsson in Canucks zone.
Goals for this period are 1 for Canucks vs 1 for Bruins.
Shots for this period are 10 for Canucks vs 10 for Bruins.
3rd period
0:01 of 3rd period - Henrik Sedin wins face-off versus Robert Nilsson in neutral zone.
0:04 of 3rd period - Slapshot by Jason Demers.
0:04 of 3rd period - Stopped by Kari Lehtonen without a rebound.
0:05 of 3rd period - Henrik Sedin wins face-off versus Robert Nilsson in Canucks zone.
0:16 of 3rd period - Slapshot by Jason Demers.
0:16 of 3rd period - Stopped by Kari Lehtonen without a rebound.
0:17 of 3rd period - Henrik Sedin wins face-off versus Robert Nilsson in Canucks zone.
0:20 of 3rd period - Wrist shot by Henrik Sedin.
0:20 of 3rd period - Shot Misses the Net.
0:22 of 3rd period - Slapshot by Jason Demers.
0:22 of 3rd period - Stopped by Kari Lehtonen without a rebound.
0:23 of 3rd period - Robert Nilsson wins face-off versus Henrik Sedin in Canucks zone.
1:40 of 3rd period - Olli Maatta is hit by Wojtek Wolski.
1:43 of 3rd period - Penalty to Jordin Tootoo is over, Jordin Tootoo is back on ice.
1:50 of 3rd period - Penalty to Steve Eminger is over, Steve Eminger is back on ice.
2:09 of 3rd period - Ryane Clowe is hit by Jason Demers.
3:12 of 3rd period - Slapshot by Wojtek Wolski.
3:12 of 3rd period - Shot Blocked by Steve Eminger.
3:14 of 3rd period - Slapshot by Wojtek Wolski.
3:14 of 3rd period - Shot Blocked by Steve Eminger.
4:02 of 3rd period - Jason Demers is hit by Steve Eminger and loses puck.
4:16 of 3rd period - Icing by Henrik Sedin.
4:17 of 3rd period - Henrik Sedin wins face-off versus Rob Schremp in Bruins zone.
4:22 of 3rd period - Rob Schremp is hit by Brendan Smith and loses puck.
4:43 of 3rd period - Johnny Boychuk is hit by Loui Eriksson.
4:51 of 3rd period - Snap shot by Daniel Sedin.
4:51 of 3rd period - Goal by Daniel Sedin - Canucks : 4 - Bruins : 2.
4:52 of 3rd period - Daniel Sedin wins face-off versus Jonathan Toews in neutral zone.
5:19 of 3rd period - Steve Eminger is hit by Jason Demers and loses puck.
5:42 of 3rd period - Wrist shot by Brad Boyes.
5:42 of 3rd period - Shot Misses the Net.
5:44 of 3rd period - Slapshot by Andy Rogers.
5:44 of 3rd period - Stopped by Kevin Poulin with a rebound.
5:46 of 3rd period - Slapshot by James Wright.
5:46 of 3rd period - Deflect By Johnny Boychuk.
5:46 of 3rd period - Stopped by Kevin Poulin without a rebound.
5:47 of 3rd period - Ryane Clowe wins face-off versus Jonathan Toews in Bruins zone.
6:12 of 3rd period - Backhand shot by James Wright.
6:12 of 3rd period - Shot Blocked by Brendan Smith.
6:14 of 3rd period - Wrist shot by Ryane Clowe.
6:14 of 3rd period - Stopped by Kevin Poulin without a rebound.
6:15 of 3rd period - Robert Nilsson wins face-off versus Henrik Sedin in Bruins zone.
6:22 of 3rd period - Snap shot by Robert Nilsson.
6:22 of 3rd period - Stopped by Kevin Poulin without a rebound.
6:23 of 3rd period - Henrik Sedin wins face-off versus Robert Nilsson in Bruins zone.
6:30 of 3rd period - Slapshot by Dan Hamhuis.
6:30 of 3rd period - Stopped by Kari Lehtonen with a rebound.
7:14 of 3rd period - Wrist shot by Victor Oreskovich.
7:14 of 3rd period - Shot Misses the Net.
7:16 of 3rd period - Snap shot by Johnny Boychuk.
7:16 of 3rd period - Shot Blocked by Loui Eriksson.
7:18 of 3rd period - Snap shot by Victor Oreskovich.
7:18 of 3rd period - Shot Misses the Net.
7:30 of 3rd period - Wrist shot by Victor Oreskovich.
7:30 of 3rd period - Shot Misses the Net.
7:32 of 3rd period - Slapshot by Dan Hamhuis.
7:32 of 3rd period - Stopped by Kari Lehtonen without a rebound.
7:33 of 3rd period - Wojtek Wolski wins face-off versus Rob Schremp in Canucks zone.
7:34 of 3rd period - Slapshot by Zack Kassian.
7:34 of 3rd period - Stopped by Kari Lehtonen with a rebound.
7:48 of 3rd period - Wrist shot by Jordin Tootoo.
7:48 of 3rd period - Shot Blocked by Brendan Smith.
7:58 of 3rd period - James Wright is hit by Brendan Smith and loses puck.
8:07 of 3rd period - Wrist shot by Andrei Kostitsyn.
8:07 of 3rd period - Stopped by Kari Lehtonen with a rebound.
8:09 of 3rd period - Wrist shot by Mike Ribeiro.
8:09 of 3rd period - Stopped by Kari Lehtonen without a rebound.
8:10 of 3rd period - Jonathan Toews wins face-off versus Rob Schremp in Canucks zone.
8:19 of 3rd period - Snap shot by Zack Kassian.
8:19 of 3rd period - Shot Misses the Net.
8:51 of 3rd period - Samuel Morin is hit by James Wright and loses puck.
9:05 of 3rd period - Off-side.
9:06 of 3rd period - Casey Cizikas wins face-off versus Brooks Laich in neutral zone.
9:15 of 3rd period - Snap shot by Miikka Salomaki.
9:15 of 3rd period - Shot Misses the Net.
10:20 of 3rd period - Robert Nilsson is hit by Casey Cizikas and loses puck.
10:31 of 3rd period - Slapshot by Miikka Salomaki.
10:31 of 3rd period - Shot Blocked by Kurtis Foster.
11:44 of 3rd period - Slapshot by Slava Voynov.
11:44 of 3rd period - Deflect By Kris Chucko.
11:44 of 3rd period - Stopped by Kari Lehtonen with a rebound.
11:46 of 3rd period - Slapshot by Casey Cizikas.
11:46 of 3rd period - Stopped by Kari Lehtonen without a rebound.
11:47 of 3rd period - Robert Nilsson wins face-off versus Jonathan Toews in Canucks zone.
12:31 of 3rd period - Snap shot by Matt Read.
12:31 of 3rd period - Shot Misses the Net.
12:33 of 3rd period - Wrist shot by Andrei Kostitsyn.
12:33 of 3rd period - Shot Misses the Net.
13:00 of 3rd period - Wrist shot by Matt Read.
13:00 of 3rd period - Stopped by Kari Lehtonen with a rebound.
13:09 of 3rd period - Off-side.
13:10 of 3rd period - Jonathan Toews wins face-off versus Robert Nilsson in neutral zone.
13:13 of 3rd period - Daniel Sedin is hit by Jonathan Toews and loses puck.
13:54 of 3rd period - Snap shot by Loui Eriksson.
13:54 of 3rd period - Stopped by Kevin Poulin with a rebound.
14:31 of 3rd period - Slapshot by Robert Nilsson.
14:31 of 3rd period - Shot Misses the Net.
14:39 of 3rd period - Snap shot by Robert Nilsson.
14:39 of 3rd period - Shot Misses the Net.
15:31 of 3rd period - Wrist shot by Wojtek Wolski.
15:31 of 3rd period - Goal by Wojtek Wolski - Canucks : 4 - Bruins : 3.
15:32 of 3rd period - Mike Ribeiro wins face-off versus Rob Schremp in neutral zone.
15:38 of 3rd period - Off-side.
15:39 of 3rd period - Jordin Tootoo wins face-off versus Mike Ribeiro in neutral zone.
15:45 of 3rd period - Icing by Mike Ribeiro.
15:46 of 3rd period - Andrei Kostitsyn wins face-off versus Rob Schremp in Bruins zone.
18:01 of 3rd period - Miikka Salomaki is hit by Kurtis Foster and loses puck.
18:30 of 3rd period - Daniel Sedin is hit by Andrei Kostitsyn and loses puck.
18:57 of 3rd period - Bruins, Kevin Poulin is pulled from the net.
19:03 of 3rd period - Jason Demers is hit by Loui Eriksson and loses puck.
19:16 of 3rd period - Wrist shot by Zack Kassian.
19:16 of 3rd period - Stopped by Kari Lehtonen without a rebound.
19:17 of 3rd period - Marc Crawford call a timeout for Bruins.
19:17 of 3rd period - Robert Nilsson wins face-off versus Henrik Sedin in Canucks zone.
Goals for this period are 1 for Canucks vs 1 for Bruins.
Shots for this period are 6 for Canucks vs 13 for Bruins.